 Dungeon Crawl Stone Soup version 0.17.0-28-g6e173f8 (webtiles) character file.

5498 dvd the Fighter (level 10, -5/88 (89) HPs)
             Began as a Hill Orc Gladiator on Nov 26, 2015.
             Slain by an unseen horror (8 damage)
             ... on level 10 of the Dungeon.
             The game lasted 00:35:59 (12246 turns).

dvd the Fighter (Hill Orc Gladiator)               Turns: 12246, Time: 00:35:59

HP:   -5/88 (89)    AC: 23    Str: 25    XL:     10   Next: 70%
MP:   6/10          EV: 14    Int:  8    God:
Gold: 512           SH:  0    Dex: 13    Spells: 0 memorised, 9 levels left

rFire  . . .     SeeInvis .     C - +1 flail (protect)
rCold  + . .     Clarity  .     v - +0 scale mail
rNeg   . . .     SustAt   .     (no shield)
rPois  .         Gourm    +     c - +2 helmet
rElec  .         Spirit   .     j - +0 cloak
rCorr  .         Warding  .     o - +0 pair of gloves
rMut   .         Stasis   .     i - +0 pair of boots
MR     .....                    z - amulet of the gourmand
Stlth  +.........               l - ring of protection from cold
                                A - +3 ring of protection

@: mighty, not resistant to hostile enchantments, very unstealthy
A: no striking features
a: no special abilities


You were on level 10 of the Dungeon.
You were completely stuffed.

You visited 2 branches of the dungeon, and saw 11 of its levels.
You also visited: Ossuary.

You collected 512 gold pieces.

Inventory:

Hand Weapons
 a - a +0 war axe
 w - a +3 shortbow of freezing
 C - a +1 flail of protection (weapon)
 H - the +1 spear of Sunlight {flame, rF+ MP-9 Str+4}
   (You found it on level 4 of the Dungeon)

   It has been specially enchanted to burn those struck by it, causing extra
   injury to most foes and up to half again as much damage against particularly
   susceptible opponents.
   It affects your strength (+4).
   It protects you from fire.
   It affects your magic capacity (-9).
Missiles
 d - 2 throwing nets (quivered)
 s - 4 arrows of dispersal
 B - 38 arrows
Armour
 b - a +0 leather armour
 c - a +2 helmet (worn)
 i - a +0 pair of boots (worn)
 j - a +0 cloak (worn)
 o - a +0 pair of gloves (worn)
 q - a +1 robe of fire resistance
 v - a +0 scale mail (worn)
Jewellery
 k - a +5 ring of intelligence
 l - a ring of protection from cold (right hand)
 r - an uncursed amulet of stasis
 z - an amulet of the gourmand (around neck)
 A - a +3 ring of protection (left hand)
Wands
 h - a wand of disintegration (9)
 m - a wand of digging (6)
Scrolls
 g - 8 scrolls of identify
 n - 2 scrolls of blinking
 y - 3 scrolls of teleportation
 I - a scroll of magic mapping
 J - 3 scrolls of recharging
 M - a scroll of summoning {unknown}
 N - a scroll of amnesia
Potions
 E - a potion of haste
 G - a potion of flight
 K - 2 potions of cancellation
 L - 2 potions of curing
 O - a potion of might
Books
 x - a book of the Earth

   Spells                             Type                      Level
   a - Leda's Liquefaction            Hexes/Earth                  4
   b - Bolt of Magma                  Conjuration/Fire/Earth       5
   c - Statue Form                    Transmutation/Earth          6
   d - Iron Shot                      Conjuration/Earth            6
   e - Shatter                        Earth                        9
Comestibles
 e - 10 bread rations
 f - 5 meat rations
 p - a slice of pizza
 t - 2 royal jellies
 u - 6 fruits
 F - 10 beef jerkies


   Skills:
 + Level 8.3 Fighting
 + Level 7.5(9.5) Axes
 + Level 7.1(8.2) Maces & Flails
 + Level 2.0(4.4) Polearms
 + Level 0.5 Bows
 + Level 2.4 Throwing
 + Level 7.9 Armour
 + Level 7.0 Dodging
 + Level 2.4 Stealth


You had 9 spell levels left.
You didn't know any spells.

Dungeon Overview and Level Annotations

Branches:
Dungeon (10/15)            Temple (1/1) D:7            Lair (0/8) D:8
    Orc: D:9-12

Altars:
Ashenzari
Cheibriados
Dithmenos
Elyvilon
Fedhas
Gozag
Kikubaaqudgha
Makhleb
Nemelex Xobeh
Okawaru
Qazlal
Ru
Sif Muna
Trog
Vehumet
Xom
Yredelemnul
Zin
The Shining One
Lugonu

Shops:
D:10 }


Message History

You hit something but do no damage. Something hits you but does no damage.
Something hits you but does no damage. Something hits you but does no damage.
Something hits you!
* * * LOW HITPOINT WARNING * * *
You hit something. Something hits you but does no damage.
Something hits you but does no damage. x2
Something hits you but does no damage.
You sock something! Something hits you but does no damage.
Something hits you but does no damage. Something hits you!
* * * LOW HITPOINT WARNING * * *
You closely miss something. Something hits you but does no damage.
Something hits you!
* * * LOW HITPOINT WARNING * * *
Something hits you but does no damage. Something hits you but does no damage.
Something barely misses you. Something hits you but does no damage.
Something hits you but does no damage. x2
You miss something. Something hits you!
You die...

######## #######
#...@..# #.......
#.####.# #.###### #.#
##.#######.###### #.#
#.......##.......
#.###..####.##).#..<.
#........##.##.....##
#.....>#.##.##......#
#.###.##.#∩#.........
#.# #.##.#..###.#.###


There were no monsters in sight!

Vanquished Creatures
  Psyche (D:9)
  A fire drake (D:8)
  A two-headed ogre (D:9)
  A hippogriff (D:7)
  A wraith (D:10)
  2 wyverns (D:9)
  A water moccasin (D:9)
  A black bear (D:10)
  An ice beast (D:10)
  A necrophage (D:6)
  6 centaurs
  3 orc warriors
  A phantom (D:9)
  8 ogres
  6 giant frogs
  An elf zombie (Ossuary)
  A gnoll sergeant (D:9)
  An elf skeleton (D:8)
  A scorpion (D:8)
  3 killer bees (D:7)
  A giant frog zombie (D:7)
  A crimson imp (D:7)
  2 centaur zombies
  5 iguanas
  An orc priest (D:3)
  3 jellies
  4 human zombies (Ossuary)
  5 orc wizards
  3 hounds
  2 human skeletons (D:8)
  A centaur skeleton (D:8)
  5 worker ants
  A big kobold zombie (Ossuary)
  2 hound zombies (Ossuary)
  4 mummies (Ossuary)
  10 gnolls
  A worker ant zombie (D:7)
  6 shadow imps
  18 adders
  2 oozes
  2 adder zombies
  An adder skeleton (D:8)
  5 worms
  5 giant geckos
  21 orcs
  7 ball pythons
  3 giant cockroaches
  6 goblins
  8 hobgoblins
  9 jackals
  10 kobolds
  4 quokkas
  10 bats
  A giant gecko skeleton (D:8)
  A giant gecko zombie (D:6)
  4 giant newts
  2 hobgoblin zombies (Ossuary)
  A kobold zombie (Ossuary)
  2 orc skeletons (D:8)
  2 orc zombies
  2 quokka skeletons
  8 rats
233 creatures vanquished.

Vanquished Creatures (others)
  A killer bee zombie (D:8)
  A gnoll (D:3)
2 creatures vanquished.

Grand Total: 235 creatures vanquished

Notes
Turn   | Place    | Note
--------------------------------------------------------------
     0 | D:1      | dvd the Hill Orc Gladiator began the quest for the Orb.
     0 | D:1      | Reached XP level 1. HP: 18/18 MP: 1/1
    73 | D:1      | You fall through a shaft!
    83 | D:2      | Reached XP level 2. HP: 11/25 MP: 2/2
   266 | D:2      | Reached XP level 3. HP: 25/30 MP: 3/3
  1314 | D:2      | Reached XP level 4. HP: 36/38 MP: 4/4
  1616 | D:2      | Reached skill level 5 in Axes
  1916 | D:2      | Reached XP level 5. HP: 45/45 MP: 5/5
  1978 | D:2      | Found a burning altar of Makhleb.
  2585 | D:3      | Reached skill level 1 in Armour
  2633 | D:3      | Reached XP level 6. HP: 12/52 MP: 6/6
  3233 | D:3      | Found a blossoming altar of Fedhas.
  3240 | D:3      | Found a snail-covered altar of Cheibriados.
  3338 | D:3      | Found a radiant altar of Vehumet.
  3765 | D:4      | Found a glowing silver altar of Zin.
  3989 | D:4      | Reached skill level 1 in Maces & Flails
  4214 | D:4      | Got a brightly glowing spear
  4215 | D:4      | Identified the cursed +1 spear of Sunlight {flame, rF+ MP-9 Str+4} (You found it on level 4 of the Dungeon)
  4253 | D:5      | Entered Level 5 of the Dungeon
  4253 | D:5      | Found a basalt altar of Yredelemnul.
  4391 | D:5      | Found a sacrificial altar of Ru.
  4399 | D:5      | Reached XP level 7. HP: 60/60 MP: 7/7
  4756 | D:5      | Found a glowing golden altar of the Shining One.
  5202 | D:5      | Reached skill level 1 in Polearms
  5203 | D:5      | HP: 2/60 [gnoll/spear (3)]
  5211 | D:5      | HP: 1/60 [gnoll/spear (5)]
  5623 | D:5      | Reached XP level 8. HP: 53/67 MP: 8/8
  6132 | D:6      | Reached skill level 5 in Fighting
  6572 | D:6      | Reached skill level 5 in Armour
  6572 | D:6      | Reached skill level 5 in Dodging
  6840 | D:7      | Found a stormy altar of Qazlal.
  6873 | D:7      | Found a staircase to the Ecumenical Temple.
  7355 | D:7      | Found an opulent altar of Gozag.
  7512 | D:7      | Found a white marble altar of Elyvilon.
  7542 | D:7      | Reached skill level 1 in Stealth
  7840 | D:7      | Reached XP level 9. HP: 73/73 MP: 9/9
  7961 | D:7      | Reached skill level 6 in Armour
  8713 | Temple   | Entered the Ecumenical Temple
  8919 | D:8      | Reached skill level 5 in Maces & Flails
  8926 | D:8      | Found a sand-covered staircase.
  8951 | Ossuary  | Entered an ossuary
  9370 | D:8      | Found a staircase to the Lair.
  9371 | D:8      | Noticed a fire drake
  9400 | D:8      | Killed a fire drake
  9400 | D:8      | Reached skill level 7 in Fighting
  9651 | D:8      | Reached XP level 10. HP: 44/85 MP: 10/10
 10688 | D:9      | Found a sparkling altar of Nemelex Xobeh.
 11052 | D:9      | Noticed Psyche
 11062 | D:9      | Killed Psyche
 11062 | D:9      | Reached skill level 8 in Fighting
 11804 | D:10     | Entered Level 10 of the Dungeon
 12123 | D:10     | Found Kaem's Gadget Shop.
 12241 | D:10     | HP: 1/88 [something (7)]
 12246 | D:10     | Slain by an unseen horror

Action                   |  1- 3 |  4- 6 |  7- 9 | 10-12 || total
-------------------------+-------+-------+-------+-------++-------
Melee: War axe           |    94 |   138 |    65 |    42 ||   339
       Flail             |       |   112 |   418 |   188 ||   718
       Spear             |       |    11 |    68 |    56 ||   135
 Fire: Shortbow          |       |       |       |     6 ||     6
Throw: Throwing net      |       |       |     4 |       ||     4
  Use: Scroll            |       |     7 |     8 |     1 ||    16
       Potion            |       |       |    13 |     1 ||    14
 Stab: Paralysed         |       |       |     1 |       ||     1
       Held in net/web   |       |       |     2 |       ||     2
       Invisible         |       |       |       |     1 ||     1
  Eat: Chunk             |     1 |    23 |    17 |    10 ||    51
